 Dungeon Crawl Stone Soup version 0.29.1-2-gbd0b4ee654 (webtiles) character file.

Game seed: 933593065662294721

153 Omegus91 the Ruffian (level 5, -2/44 HPs)
             Began as a Draconian Transmuter on Nov 7, 2022.
             Slain by Terence
             ... wielding a +2 hand axe of distortion
              (5 damage)
             ... on level 2 of the Dungeon.
             The game lasted 00:03:53 (2578 turns).

Omegus91 the Ruffian (Draconian Transmuter)         Turns: 2578, Time: 00:03:54

Health: -2/44      AC:  5    Str: 13    XL:     5   Next: 12%
Magic:  8/8        EV: 11    Int: 13    God:
Gold:   128        SH:  3    Dex: 15    Spells: 7/8 levels left

rFire   + + .      SeeInvis .     - Unarmed
rCold   . . .      Faith    .   g - +0 buckler of Lugonu's Displeasure {rF++ rN+ Str-2 Dex+4}
rNeg    + . .      Spirit   .   (body armour unavailable)
rPois   .          Reflect  .   (helmet currently unavailable)
rElec   .          Harm     .   (no cloak)
rCorr   .          Rampage  .   (no gloves)
Will    .....                   (boots currently unavailable)
Stlth   +.........              (no amulet)
HPRegen 0.14/turn               (no ring)
MPRegen 0.11/turn               (no ring)

@: appendages (expiring)
A: horns 2, talons 2, AC +5, unfitting armour, cold-blooded
a: End Transformation


You were on level 2 of the Dungeon.
You had temporarily grown beastly horns and talons.
You visited 1 branch of the dungeon, and saw 2 of its levels.

You collected 128 gold pieces.

Inventory:

Missiles
 f - 7 stones
Armour
 g - the +0 buckler of Lugonu's Displeasure (worn) {rF++ rN+ Str-2 Dex+4}
   (You found it on level 2 of the Dungeon)

   Str:       It affects your strength (-2).
   Dex:       It affects your dexterity (+4).
   rF:        It greatly protects you from fire.
   rN:        It protects you from negative energy.
Wands
 h - a wand of roots (11)
Scrolls
 c - a scroll of amnesia {unknown}
Potions
 a - a potion of lignification
 b - 2 potions of curing {unknown}
 d - 2 potions of brilliance {unknown}
 e - a potion of magic {unknown}
 i - a potion of degeneration {unknown}
 j - a potion of haste {unknown}


   Skills:
 + Level 2.8 Fighting
 - Level 1.7 Dodging
 * Level 4.6 Unarmed Combat
 - Level 2.0 Spellcasting
 + Level 3.1 Transmutations


You had 7 spell levels left.
You knew the following spells:

 Your Spells              Type           Power      Damage    Failure   Level
a - Beastly Appendage     Tmut           18%        N/A       10%         1

Your spell library contained the following spells:

 Spells                   Type           Power      Damage    Failure   Level
 Wereblood                Tmut           9%         N/A       14%         2
 Spider Form              Tmut/Pois      5%         N/A       50%         3
 Ice Form                 Ice/Tmut       5%         N/A       88%         4


Dungeon Overview and Level Annotations

Branches:
Dungeon (2/15)

Altars:

Annotations:
D:2 Terence


Innate Abilities, Weirdness & Mutations

You have temporarily grown beastly horns and talons.
Your plain brown scales are hard. (AC +5)
You cannot fit into any form of body armour.
You are cold-blooded and may be slowed by cold attacks.


Message History

Terence is moderately wounded.
Terence misses you.
You hit Terence. You claw Terence, but do no damage.
Your tail-slap misses Terence.
Terence is heavily wounded.
You block Terence's attack.
You barely miss Terence. You claw Terence.
Terence is heavily wounded.
Terence says, "Time to say good-bye..."
Terence barely misses you.
You hit Terence but do no damage. Your kick misses Terence.
Terence is heavily wounded.
Terence hits you with a +2 hand axe of distortion.
Space warps horribly around you!
You hit Terence but do no damage. Your kick misses Terence.
Terence is heavily wounded.
Your transformation is almost over.
Terence closely misses you.
You closely miss Terence.
Terence is heavily wounded.
You block Terence's attack.
You hit Terence. Your kick misses Terence.
Terence is heavily wounded.
Terence hits you with a +2 hand axe of distortion.
Space warps around you.
You are too injured to fight recklessly!
You are too injured to fight recklessly!
You are too injured to fight recklessly!
You are too injured to fight recklessly!
You are too injured to fight recklessly!
You barely miss Terence.
Terence is heavily wounded.
Terence hits you with a +2 hand axe of distortion!
Space warps around you.
* * * LOW HITPOINT WARNING * * *
Terence attacks as you move away!
Terence hits you with a +2 hand axe of distortion.
* * * LOW HITPOINT WARNING * * *
Space warps around you.
You die...

#..... #############
#..... #...........#
#..... #...........#
#..... #...........#
#..... #..)........#
#....[
####...........#####.#.##
#............>...........
#......@@............##.#
#...$..######)#.##.####.#
#...... #.#.##..###.#
#...... #.#.###......
#...... #####'#.####.....
#...... #........# #.####
#...... #........# #.#
#...... #........# #.#
#......<.# #.#


You could see Terence.

Vanquished Creatures
  Natasha (thrice) (D:2)
  4 adders (D:2)
  A dart slug (D:1)
  4 endoplasms
  2 giant cockroaches (D:1)
  5 goblins
  4 hobgoblins
  2 quokkas (D:2)
  7 ball pythons
  A bat (D:2)
  5 frilled lizards
  3 kobolds
  3 rats
44 creatures vanquished.

Notes
Turn   | Place    | Note
-------+----------+-------------------------------------------
     0 | D:1      | Omegus91 the Draconian Transmuter began the quest for the
                  | Orb.
     0 | D:1      | Reached XP level 1. HP: 16/16 MP: 3/3
   323 | D:1      | Reached XP level 2. HP: 23/23 MP: 5/5
  1145 | D:2      | Reached XP level 3. HP: 14/29 MP: 6/6
  1356 | D:2      | Reached skill level 4 in Unarmed Combat
  1461 | D:2      | Identified the +0 buckler of Lugonu's Displeasure {rF++ rN+
                  | Str-2 Dex+4}
  1521 | D:2      | Reached XP level 4. HP: 28/36 MP: 7/7
  1783 | D:2      | Noticed Natasha
  1797 | D:2      | Killed Natasha
  1856 | D:2      | Found a faded altar of an unknown god.
  1865 | D:2      | Identified the +0 scale mail "Xeryefau" {Harm Fly}
  1947 | D:2      | Noticed Natasha
  1962 | D:2      | Killed Natasha
  2450 | D:2      | Noticed Natasha
  2456 | D:2      | Killed Natasha
  2457 | D:2      | Reached XP level 5. HP: 37/44 MP: 6/8
  2563 | D:2      | Noticed Terence
  2578 | D:2      | Slain by Terence

Illustrated notes

Levels and vault maps discovered:
D:1:      dpeg_arrival_shelter, layout_loops_ring, roderic_lattice_a,
          kennysheep_another_room
D:2:      layout_basic, chequers_ecumenical_altar_simple, uniq_terence,
          uniq_natasha

Skill      XL: |  1  2  3  4 |
---------------+-------------+-----
Fighting       | 2 |  2.8
Unarmed Combat | 4 |  4.6
Transmutations | 3 |  3.1
Dodging        | |  1.7
Spellcasting   | |  2.0

Action                   |  1- 3 |  4- 6 || total
-------------------------+-------+-------++-------
Melee: Unarmed           |    89 |    58 ||   147
       Headbutt          |     3 |     3 ||     6
       Tailslap          |     7 |     1 ||     8
       Kick              |     5 |     6 ||    11
       Punch             |     1 |       ||     1
 Cast: Beastly Appendage |     4 |     4 ||     8
Armor: Skin              |    27 |    16 ||    43
Dodge: Dodged            |    42 |    20 ||    62
Block: Buckler           |       |    13 ||    13
